cohdb
Replays
Latest Replays
All Replays
Popular Replays
Top Player Replays
Match Explorer
How It Works
Community
CoH3 Stats
Reddit
Sign in to upload your games and track your stats! →
Sign in with Steam
Match 42472919
Unlisted
Match 42472919
Overview
Messages
Build Orders
End
Kradschützen Motorcycle Team
250 Light Carrier
Selects Armored Support Battlegroup
Panzerpioneer Squad
Construct Light Support Kompanie
MG34 Team
Combat Half-tracks
Selects Salvage Kits
Construct Mechanized Kompanie
Fire Support Elements
250 Light Carrier
Flakvierling Half-track
Panzerjäger Mechanized Group
Vehicle Survival Package
2.5-tonne Medical Truck
Pak 38 Anti-tank Gun Team
Construct Panzerarmee Kommand
Selects Veteran Gunners
Advanced Optics
Forward Retreat Point
Panzer III L Medium Tank
Selects Flammpanzer III Medium Tank
Advanced Field Repairs
Rapid Advance
Tungsten Core Ammunition
Selects Command Panzer IV F Medium Tank
Command Panzer IV F Medium Tank
Panzer III L Medium Tank
Emergency Repair Kits
Panzer III L Medium Tank
Flak 36 Anti-tank Gun Team
Selects Panzer Storm
Selects Stuka Anti-tank Loiter
Stuka Anti-tank Loiter
JK
卡尔文
Ark
kokissmaro
XuZhongwei
Alaririyougsniper
猩红东风
6ec95vjq
0
0
Comments
sign in to comment!
No comments posted yet!